 Dungeon Crawl Stone Soup version 0.17-a0-1132-g5dd4065 (webtiles) character file.

142923 Herrn the Fencer (level 16, 54/116 HPs)
             Began as a High Elf Fighter on May 25, 2015.
             Was a High Priest of Okawaru.
             Quit the game on level 1 of the Depths.
             The game lasted 02:45:08 (38366 turns).

Herrn the Fencer (High Elf Fighter)                Turns: 38366, Time: 02:45:08

Health: 54/116     AC: 36    Str: 21    XL:     16   Next: 81%
Magic:  14/23      EV: 30    Int: 15    God:    Okawaru [*****.]
Gold:   2432       SH: 16    Dex: 23    Spells: 0 memorised, 15 levels left

rFire  . . .     SeeInvis +     x - +4 double sword (slice)
rCold  . . .     Clarity  .     j - +7 ring mail of Okaom {rCorr Str+2}
rNeg   . . .     SustAt   .     c - +0 shield
rPois  .         Gourm    .     B - +2 helmet
rElec  .         Spirit   +     N - +2 cloak
rCorr  +         Warding  .     g - +1 pair of gloves {Dex+3}
rMut   .         Stasis   .     a - +2 pair of boots {Fly}
MR     +....                    f - amulet of guardian spirit
Stlth  +++.......               s - +4 ring of strength
                                O - +3 ring of protection

@: heroism, flying, somewhat resistant to hostile enchantments, fairly stealthy
A: iridescent scales 1, see invisible, blink 1, spit poison 1, subdued magic 1
a: Spit Poison, Blink, Heroism, Finesse, Renounce Religion, Stop Flying


You were on level 1 of the Depths.
You worshipped Okawaru.
Okawaru was extremely pleased with you.
You were very hungry.

You visited 5 branches of the dungeon, and saw 29 of its levels.
You also visited: Labyrinth.

You collected 3017 gold pieces.
You spent 585 gold pieces at shops.

Inventory:

Hand weapons
 x - a +4 double sword of slicing (weapon)
 C - a +1 short sword of flaming
 E - the +10 scimitar of Ruination {drain, Int+6 Dex+2}
   (Okawaru gifted it to you on level 7 of the Lair of Beasts)

   A truly terrible weapon, it drains the life of those it strikes.
   It affects your intelligence (+6).
   It affects your dexterity (+2).
 G - a +4 falchion of slicing
 P - the +5 falchion of Imbalance {slice, rPois}
   (Okawaru gifted it to you on level 1 of the Lair of Beasts)

   It inflicts extra damage upon your enemies.
   It protects you from poison.
Armour
 a - a +2 pair of boots of flying (worn)
 c - a +0 shield (worn)
 g - a +1 pair of gloves of dexterity (worn)
 h - the +8 orange crystal plate armour {Archmagi, Int+3 Clar SustAt}
   (You took it off a vault guard on level 13 of the Dungeon)

   It affects your intelligence (+3).
   It sustains your strength, intelligence and dexterity.
   It protects you against confusion.
 j - the +7 ring mail of Okaom (worn) {rCorr Str+2}
   (Okawaru gifted it to you on level 3 of the Orcish Mines)

   It affects your strength (+2).
   It protects you from acid and corrosion.
 B - a +2 helmet (worn)
 J - a troll hide
 K - a +3 scale mail of cold resistance
 N - a +2 cloak (worn)
Jewellery
 b - an uncursed amulet of resist mutation
 f - an amulet of guardian spirit (around neck)
 s - a +4 ring of strength (right hand)
 O - a +3 ring of protection (left hand)
 W - an uncursed ring of sustain attributes
Magical devices
 z - a wand of digging (4)
 L - a wand of teleportation (4)
Scrolls
 e - 2 scrolls of teleportation
 k - a scroll of amnesia
 l - 12 scrolls of remove curse
 m - 4 scrolls of magic mapping
 o - 4 scrolls of enchant armour
 p - 2 scrolls of summoning
 w - 2 scrolls of recharging
 y - 2 scrolls of blinking
 Q - 2 scrolls of identify
 V - 2 scrolls of holy word
 X - 2 scrolls of silence
 Y - 3 scrolls of fear
Potions
 d - 6 potions of brilliance
 i - 12 potions of curing
 q - 4 potions of invisibility
 r - 2 potions of heal wounds
 F - 3 potions of flight
 H - a potion of magic
 R - 3 potions of agility
 U - 5 potions of haste
 Z - 3 potions of might
Books
 u - a book of Minor Magic

   Spells                             Type                      Level
   a - Magic Dart                     Conjuration                  1
   b - Blink                          Translocation                2
   c - Call Imp                       Summoning                    2
   d - Repel Missiles                 Charms/Air                   2
   e - Slow                           Hexes                        2
   f - Conjure Flame                  Conjuration/Fire             3
   g - Mephitic Cloud                 Conjuration/Poison/Air       3
 A - Sif Muna's Reference Book on Ignition
   (You found it in a labyrinth)

   Spells                             Type                      Level
   a - Inner Flame                    Hexes/Fire                   3
   b - Sticky Flame                   Conjuration/Fire             4
   c - Fireball                       Conjuration/Fire             5
 M - a book of Maledictions

   Spells                             Type                      Level
   a - Corona                         Hexes                        1
   b - Ensorcelled Hibernation        Hexes/Ice                    2
   c - Confuse                        Hexes                        3
   d - Tukima's Dance                 Hexes                        3
   e - Dazzling Spray                 Conjuration/Hexes            3
 T - a book of Debilitation

   Spells                             Type                      Level
   a - Corona                         Hexes                        1
   b - Slow                           Hexes                        2
   c - Gell's Gravitas                Hexes/Translocation          3
   d - Inner Flame                    Hexes/Fire                   3
   e - Cause Fear                     Hexes                        4
   f - Leda's Liquefaction            Hexes/Earth                  4
Comestibles
 t - 10 royal jellies
 D - 17 bread rations
 I - 9 meat rations


   Skills:
 * Level 12.7(17.7) Fighting
 - Level 5.5(16.9) Short Blades
 - Level 16.0(21.2) Long Blades
 * Level 10.9(15.9) Armour
 * Level 13.7(18.7) Dodging
 * Level 14.3(19.3) Shields
 - Level 9.0 Invocations


You had 15 spell levels left.
You didn't know any spells.

Dungeon Overview and Level Annotations

Branches:
Dungeon (15/15)            Temple (1/1) D:4            Lair (8/8) D:11
  Swamp (0/4) Lair:6       Spider (0/4) Lair:5        Slime (0/6) Lair:7
    Orc (4/4) D:9             Elf (0/3) Orc:3        Vaults (0/5) D:13
 Depths (1/5) D:15

Altars:
Ashenzari
Cheibriados
Dithmenos
Elyvilon
Fedhas
Gozag
Kikubaaqudgha
Makhleb
Nemelex Xobeh
Okawaru
Qazlal
Ru
Sif Muna
Trog
Vehumet
Xom
Yredelemnul
Zin
The Shining One
Beogh

Shops:
D:11 (   D:14 %   Orc:1 :   Orc:2 (   Orc:4 }(?*

Annotations:
D:6 braks's ghost, experienced DrIE


Innate Abilities, Weirdness & Mutations

You are partially covered in iridescent scales (AC +4).
You have supernaturally acute eyesight.
You can translocate small distances at will.
You can spit weak poison.
Your spells are a little easier to cast, but a little less powerful.


Message History

Unknown command.
Unknown command.
Unknown command.
Unknown command.
Unknown command.
Unknown command.
Unknown command.
Unknown command.
Unknown command.
Unknown command.
Unknown command.
Unknown command.
Unknown command.
Unknown command.
Are you sure you want to abandon this character and quit the game? (Confirm with "yes".)
Okay, then.
Unknown command.
Unknown command.
Unknown command.
Are you sure you want to abandon this character and quit the game? (Confirm with "yes".)

#######..≈≈≈..
#...........##...[.........
#.....................###'#
#....p.... ####.......+....
+........###..###....(###..
#(......##......##....#
#...........##........#
#.#........c.# ##....+###
#.'...))))pb@####.....#
..#......p.c.(##......#
#......p##..(...##.##
#........###..###).#
#..........####...)#####
#..................))..#
#................#..##.#
+..............####.# ..#
..... #+# #+#


You could see 4 hell knights, 2 yaktaurs and a raven.

Vanquished Creatures
  Rupert (Lair:3)
  Gastronok (Lair:3)
  Kirke (Lair:6)
  Maud (Lair:3)
  An orc warlord (Orc:3)
  7 rakshasas (D:15)
  7 vault guards (D:13)
  A minotaur (Lab)
  Fannar (Lair:3)
  An ogre mage (Depths:1)
  15 hydras
  An ice dragon (Lair:8)
  3 catoblepae
  8 centaur warriors
  2 tengu warriors
  4 death yaks
  5 orc high priests
  2 hell knights (Depths:1)
  Nergalle (D:12)
  A titan skeleton (Depths:1)
  4 skeletal warriors (D:15)
  3 unseen horrors
  A giant orange brain (D:15)
  A lindwurm (Lair:8)
  8 hill giants
  Pikel (D:5)
  10 orc knights
  2 necromancers (Depths:1)
  An iron dragon zombie (Depths:1)
  3 cyclopes
  29 ugly things
  A water nymph (shapeshifter) (D:15)
  4 manticores
  3 griffons
  7 orc sorcerers
  3 elephants (Lair:8)
  Maurice (D:12)
  Joseph (D:14)
  17 spiny frogs
  2 kobold demonologists
  A torpor snail (Lair:7)
  A sixfirhy (Orc:3)
  4 centaur skeletons
  4 black mambas
  A redback zombie (D:15)
  7 fire drakes
  A freezing wraith (D:15)
  7 trolls
  A queen bee (Lair:3)
  3 yaktaurs (Depths:1)
  8 komodo dragons
  A tengu conjurer (D:14)
  3 two-headed ogres
  3 polar bears
  11 slime creatures
  8 ravens
  The ghost of Herrn the Covered, an average HEFi of Okawaru (D:4)
  19 blink frogs
  A spriggan zombie (Depths:1)
  A fire dragon skeleton (Depths:1)
  A trapdoor spider (D:15)
  A spriggan simulacrum (Depths:1)
  Sigmund (D:5)
  A shadow (D:13)
  8 wyverns
  58 yaks
  A deep elf mage (D:14)
  A redback (Depths:1)
  6 basilisks
  A spriggan (D:7)
  4 hogs (Lair:6)
  15 centaurs
  A hippogriff (shapeshifter) (D:15)
  3 wraiths
  6 wargs
  A steam dragon (D:9)
  Menkaure (D:5)
  18 hippogriffs
  6 hungry ghosts
  An elf simulacrum (Depths:1)
  9 vampire mosquitoes
  12 wolves
  11 water moccasins
  3 mottled dragons
  4 insubstantial wisps (Lair:6)
  2 hell hounds (Lair:5)
  10 porcupines
  A soldier ant (D:12)
  43 orc warriors
  3 sky beasts
  2 wasps
  7 ice beasts
  5 phantoms
  2 eyes of draining
  10 ogres
  21 crocodiles
  2 big kobolds
  A human simulacrum (Depths:1)
  2 wyvern zombies
  2 wyvern skeletons
  21 giant frogs
  5 scorpions
  3 electric eels
  23 killer bees (Lair:3)
  5 wights (D:12)
  15 crimson imps
  2 giant frog zombies (D:13)
  40 orc priests
  4 centaur zombies
  A wasp zombie (D:7)
  9 iguanas
  Ijyb (D:3)
  11 hounds
  5 jellies
  40 orc wizards
  3 giant frog skeletons
  A water moccasin simulacrum (D:9)
  13 worker ants
  29 sheep
  A killer bee zombie (D:8)
  A centaur simulacrum (D:9)
  2 hound zombies
  A hound skeleton (D:6)
  2 worker ant zombies
  20 adders
  3 shadow imps
  54 river rats
  2 white imps (D:9)
  A worker ant simulacrum (D:9)
  5 ufetubi
  3 oozes
  An adder zombie (D:5)
  2 adder skeletons
  2 worms
  7 giant geckos
  214 orcs
  17 bats
  A bat skeleton (D:5)
  3 giant cockroaches
  23 hobgoblins
  20 jackals
  24 kobolds
  7 quokkas
  A giant gecko skeleton (D:3)
  A giant gecko zombie (D:6)
  3 giant newts
  31 goblins
  A jackal zombie (D:8)
  A quokka skeleton (D:4)
  10 rats
1234 creatures vanquished.

Vanquished Creatures (others)
  A giant orange brain (Depths:1)
  A human (Lair:6)
  A slave (D:5)
  A crimson imp (D:13)
  An orc wizard (Orc:3)
  3 sheep (Lair:7)
  A river rat (Lair:6)
  An adder (D:5)
  An adder zombie (D:5)
  A bat (D:9)
  A kobold (D:5)
  12 fungi
  2 plants
27 creatures vanquished.

Grand Total: 1261 creatures vanquished

Notes
Turn   | Place    | Note
--------------------------------------------------------------
     0 | D:1      | Herrn the High Elf Fighter began the quest for the Orb.
     0 | D:1      | Reached XP level 1. HP: 16/16 MP: 2/2
   256 | D:1      | Reached XP level 2. HP: 11/21 MP: 3/3
   938 | D:1      | Reached XP level 3. HP: 26/26 MP: 4/4
  2009 | D:3      | Reached XP level 4. HP: 26/31 MP: 5/5
  2260 | D:3      | Found a bloodstained altar of Trog.
  2447 | D:3      | Noticed Ijyb
  2475 | D:3      | Killed Ijyb
  2475 | D:3      | Reached skill level 1 in Dodging
  2637 | D:3      | Reached XP level 5. HP: 33/36 MP: 6/6
  2996 | D:4      | Found a staircase to the Ecumenical Temple.
  3006 | D:4      | Reached skill level 4 in Long Blades
  3020 | Temple   | Entered the Ecumenical Temple
  3036 | Temple   | Became a worshipper of Warmaster Okawaru
  3265 | D:4      | Noticed Herrn's ghost (average HEFi)
  3333 | D:4      | Killed Herrn's ghost
  3333 | D:4      | Acquired Okawaru's first power
  3333 | D:4      | Reached skill level 1 in Invocations
  3333 | D:4      | Reached XP level 6. HP: 13/43 MP: 6/8
  4040 | D:5      | Entered Level 5 of the Dungeon
  4189 | D:5      | Noticed Sigmund
  4211 | D:5      | Killed Sigmund
  4211 | D:5      | Reached skill level 5 in Long Blades
  4211 | D:5      | Reached XP level 7. HP: 27/48 MP: 7/9
  4750 | D:5      | Noticed Pikel
  4770 | D:5      | Killed Pikel
  4770 | D:5      | Reached skill level 6 in Long Blades
  4770 | D:5      | Reached skill level 5 in Shields
  4770 | D:5      | Reached XP level 8. HP: 50/54 MP: 8/11
  4776 | D:5      | Reached skill level 5 in Armour
  4788 | D:5      | Noticed Menkaure
  4793 | D:5      | Killed Menkaure
  5398 | D:6      | Found a stormy altar of Qazlal.
  5642 | D:6      | Noticed braks's ghost (experienced DrIE)
  5656 | D:6      | Gained mutation: You are partially covered in iridescent scales (AC +4). [potion of beneficial mutation]
  6880 | D:6      | Reached skill level 7 in Long Blades
  6880 | D:6      | Reached XP level 9. HP: 11/60 MP: 13/13
  6994 | D:5      | Reached skill level 5 in Fighting
  7168 | D:7      | Found a shadowy altar of Dithmenos.
  7201 | D:7      | Reached skill level 5 in Invocations
  7257 | D:7      | Found a glowing silver altar of Zin.
  7257 | D:7      | Noticed an angel
  7258 | D:7      | Found a shimmering altar of Xom.
  7575 | D:7      | You fall through a shaft for 3 floors!
  7575 | D:10     | Entered Level 10 of the Dungeon
  7596 | D:11     | Noticed a cyclops
  8000 | D:10     | Killed an unseen horror
  8300 | D:10     | Killed an unseen horror
  8300 | D:10     | Acquired Okawaru's second power
  8300 | D:10     | Reached skill level 8 in Long Blades
  8300 | D:10     | Reached skill level 5 in Dodging
  8300 | D:10     | Reached XP level 10. HP: 31/67 MP: 13/15
  8501 | D:10     | Noticed a hill giant
  8523 | D:10     | Killed a hill giant
  8627 | D:9      | Noticed a death yak
  8674 | D:9      | Killed a death yak
  9231 | D:7      | Gained mutation: You have supernaturally acute eyesight. [potion of mutation]
  9231 | D:7      | Gained mutation: Your spells are a little easier to cast, but a little less powerful. [potion of mutation]
  9231 | D:7      | Gained mutation: You can translocate small distances at will. [potion of mutation]
  9232 | D:7      | Gained mutation: You can spit weak poison. [potion of beneficial mutation]
  9374 | D:7      | Reached skill level 9 in Long Blades
 10990 | D:9      | Reached XP level 11. HP: 53/74 MP: 14/17
 11528 | D:9      | Received a gift from Okawaru
 11551 | D:9      | Got a transparent scimitar {god gift}
 11552 | D:9      | Identified the +1 scimitar "Woguisma" {elec, Int+6 Dex-3} (Okawaru gifted it to you on level 9 of the Dungeon)
 12359 | D:9      | Found a basalt altar of Yredelemnul.
 12359 | D:9      | Found a shattered altar of Ashenzari.
 12947 | D:10     | Noticed a hill giant
 12990 | D:10     | Killed a hill giant
 13179 | D:11     | Noticed a hill giant
 13204 | D:11     | Killed a hill giant
 13261 | D:11     | Found a staircase to the Lair.
 13262 | D:11     | Noticed a komodo dragon
 13284 | D:11     | Killed a komodo dragon
 13284 | D:11     | Reached skill level 10 in Long Blades
 13288 | D:11     | Noticed a centaur skeleton
 13301 | D:11     | Killed a centaur skeleton
 13372 | D:11     | Killed a cyclops
 13470 | D:11     | Noticed a purple ugly thing
 13484 | D:11     | Killed a purple ugly thing
 13515 | D:11     | Noticed a kobold demonologist
 13519 | D:11     | Found Lutrinot's Antique Weapon Emporium.
 13547 | D:11     | Noticed a cyan ugly thing
 13813 | D:11     | Killed a cyan ugly thing
 13813 | D:11     | Received a gift from Okawaru
 13909 | D:11     | Noticed a sun demon
 13927 | D:10     | Killed a kobold demonologist
 14233 | D:11     | Bought a runed double sword for 390 gold pieces
 14554 | D:12     | Noticed an unseen horror
 14566 | D:12     | Killed an unseen horror
 14765 | D:12     | Noticed a hill giant
 14770 | D:12     | Killed a hill giant
 14897 | D:12     | Noticed Maurice
 15312 | D:12     | Reached XP level 12. HP: 39/81 MP: 17/19
 15700 | D:12     | Reached skill level 11 in Long Blades
 16118 | D:12     | Noticed a catoblepas
 16124 | D:12     | Noticed Nergalle
 16329 | D:13     | Noticed a centaur warrior
 16341 | D:13     | Killed a centaur warrior
 16341 | D:13     | Received a gift from Okawaru
 16417 | D:13     | Received a gift from Okawaru
 16531 | D:13     | Noticed a centaur warrior
 16544 | D:13     | Killed a centaur warrior
 16551 | D:13     | Noticed a vault guard
 16648 | D:13     | Killed a vault guard
 16768 | D:13     | Noticed a vault guard
 16783 | D:13     | Killed a vault guard
 16783 | D:13     | Reached skill level 12 in Long Blades
 16934 | D:13     | Noticed a vault guard
 16944 | D:13     | Killed a vault guard
 16955 | D:13     | Noticed a vault guard
 16980 | D:13     | Killed a vault guard
 17029 | D:13     | Noticed a catoblepas
 17053 | D:13     | Killed a catoblepas
 17206 | D:13     | Reached skill level 10 in Shields
 17270 | D:13     | Reached XP level 13. HP: 73/90 MP: 20/20
 17362 | D:13     | Found a gate to the Vaults.
 17529 | D:13     | Noticed a vault guard
 17541 | D:13     | Noticed a centaur warrior
 17547 | D:13     | Killed a vault guard
 17547 | D:13     | Reached skill level 13 in Long Blades
 17564 | D:13     | Killed a centaur warrior
 17608 | D:13     | Noticed a vault guard
 17626 | D:13     | Killed a vault guard
 17626 | D:13     | Received a gift from Okawaru
 17629 | D:13     | Got a crude shortbow {god gift}
 17642 | D:13     | Noticed a vault guard
 17653 | D:13     | Killed a vault guard
 17990 | D:14     | Found a shattered altar of Ashenzari.
 18040 | D:14     | Found Dielugu's Food Emporium.
 18092 | D:14     | Noticed Joseph
 18111 | D:14     | Killed Joseph
 18516 | D:14     | Received a gift from Okawaru
 18786 | D:15     | Entered Level 15 of the Dungeon
 18866 | D:14     | Reached skill level 14 in Long Blades
 19064 | D:15     | Reached skill level 10 in Fighting
 19504 | D:12     | Killed Nergalle
 19510 | D:12     | Killed a catoblepas
 19664 | D:12     | Killed Maurice
 20296 | D:9      | Found a staircase to the Orcish Mines.
 20325 | Orc:1    | Entered Level 1 of the Orcish Mines
 20707 | Orc:1    | Found Tocioj's Book Shoppe.
 20759 | Orc:1    | Reached XP level 14. HP: 85/99 MP: 21/21
 20865 | Orc:1    | Found a bloodstained altar of Trog.
 21425 | Orc:2    | Found Jurchircho's Antique Weapon Emporium.
 21722 | Orc:3    | Found a staircase to the Elven Halls.
 21846 | Orc:3    | Found a bloodstained altar of Trog.
 22088 | Orc:3    | Found a roughly hewn altar of Beogh.
 22601 | Orc:3    | Noticed an orc warlord
 22627 | Orc:3    | Killed an orc warlord
 22627 | Orc:3    | Received a gift from Okawaru
 22627 | Orc:3    | Reached skill level 15 in Long Blades
 22628 | Orc:3    | Got a brightly glowing ring mail {god gift}
 22820 | Orc:3    | Identified the +7 ring mail of Okaom {rCorr Str+2} (Okawaru gifted it to you on level 3 of the Orcish Mines)
 22884 | Orc:3    | Found a roughly hewn altar of Beogh.
 23880 | Orc:4    | Entered Level 4 of the Orcish Mines
 24195 | Orc:4    | Found a roughly hewn altar of Beogh.
 25049 | Orc:4    | Reached skill level 16 in Long Blades
 25111 | Orc:4    | Reached skill level 10 in Dodging
 25296 | Orc:4    | Found Yrec's Gadget Shop.
 25300 | Orc:4    | Found Honk's Magic Scroll Emporium.
 25305 | Orc:4    | Found Hiomuadd's General Store.
 25315 | Orc:4    | Found Ydarua's Antique Weapon Shop.
 25323 | Orc:4    | Bought a runed falchion for 90 gold pieces
 25335 | Orc:4    | Bought a scroll of enchant weapon for 105 gold pieces
 25337 | Orc:4    | Identified the +1 shortbow of Okawaru {velocity, +Fly MP+9 Str+2} (Okawaru gifted it to you on level 13 of the Dungeon)
 25657 | Lair:1   | Entered Level 1 of the Lair of Beasts
 26264 | Lair:1   | Received a gift from Okawaru
 26267 | Lair:1   | Got a fine falchion {god gift}
 26268 | Lair:1   | Identified the +5 falchion of Imbalance {slice, rPois} (Okawaru gifted it to you on level 1 of the Lair of Beasts)
 27649 | Lair:3   | Noticed Fannar
 27661 | Lair:3   | Killed Fannar
 27667 | Lair:3   | Reached skill level 1 in Short Blades
 27699 | Lair:3   | Noticed Gastronok
 27729 | Lair:3   | Killed Gastronok
 27784 | Lair:3   | Received a gift from Okawaru
 27787 | Lair:3   | Got a twisted falchion {god gift}
 27843 | Lair:3   | Reached XP level 15. HP: 76/107 MP: 22/22
 27913 | Lair:3   | Identified the +6 falchion of Neatehal {drain, rPois SInv} (Okawaru gifted it to you on level 3 of the Lair of Beasts)
 27969 | Lair:3   | Noticed Maud
 28001 | Lair:3   | Killed Maud
 28591 | Lair:3   | Noticed Rupert
 28599 | Lair:3   | Paralysed by Rupert for 3 turns
 28621 | Lair:3   | Killed Rupert
 28853 | Lair:3   | Received a gift from Okawaru
 28869 | Lair:3   | Got a faintly humming chain mail {god gift}
 28887 | Lair:3   | Identified the +4 chain mail of Prudence {*Contam SInv Stlth+} (Okawaru gifted it to you on level 3 of the Lair of Beasts)
 29163 | Lair:3   | Reached skill level 10 in Armour
 30218 | Lair:5   | Got a crude helmet
 30229 | Lair:5   | Identified the +3 helmet of the Jackalope {-Cast Str+4 Slay-3 Stlth+} (You found it on level 5 of the Lair of Beasts)
 30557 | Lair:5   | Found a hole to the Spider Nest.
 31398 | Lair:6   | Got a spiked chain mail
 31399 | Lair:6   | Identified the +1 chain mail of the Peasants {Str+4} (You found it on level 6 of the Lair of Beasts)
 31615 | Lair:6   | Noticed Kirke
 31650 | Lair:6   | Killed Kirke
 31694 | Lair:6   | Found a staircase to the Swamp.
 33076 | Lair:7   | Received a gift from Okawaru
 33080 | Lair:7   | Got a crude scimitar {god gift}
 33081 | Lair:7   | Identified the +10 scimitar of Ruination {drain, Int+6 Dex+2} (Okawaru gifted it to you on level 7 of the Lair of Beasts)
 33317 | Lair:7   | Found a staircase to the Slime Pits.
 33890 | Lair:8   | Entered Level 8 of the Lair of Beasts
 33908 | Lair:8   | Reached skill level 5 in Short Blades
 33936 | Lair:8   | Found a labyrinth entrance.
 33957 | Lair:8   | Found a frozen archway.
 34074 | Lab      | Entered a labyrinth
 34478 | Lab      | Reached XP level 16. HP: 110/113 MP: 23/23
 35028 | Lab      | Got a smoking plate armour
 35032 | Lab      | Identified Sif Muna's Reference Book on Ignition (You found it in a labyrinth)
 35049 | Lab      | Identified the +16 plate armour of Wittesh {-Tele rPois Str+2 SInv} (You took it off a minotaur in a labyrinth)
 35310 | Lair:8   | Received a gift from Okawaru
 36856 | D:15     | Received a gift from Okawaru
 37796 | D:15     | Found a staircase to the Depths.
 37952 | Depths:1 | Entered Level 1 of the Depths
 38366 | Depths:1 | Quit the game

Vault maps used:
D:1:      dpeg_arrival_three_same_balls, solitary_fountain
D:2:      serial_bayou, serial_bayou_pond_e, serial_bayou_lake_a,
          serial_bayou_ford_a, serial_bayou_pond_a
D:3:      nicolae_overflow_hidden_temple, first_bread,
          kennysheep_generic_room_14, uniq_iyjb
D:4:      minmay_temple_entry_large_hall, kennysheep_generic_room_16
D:5:      kennysheep_generic_room_11, uniq_sigmund, uniq_menkaure, uniq_edmund,
          uniq_pikel
D:6:      grunt_qazlal_clouds
D:7:      grunt_temple_overflow_order_and_chaos_1, grunt_dithmenos_shadows,
          the_bakery
D:8:      lightli_orcish_oven
D:9:      gammafunk_temple_overflow_wave, erik_orc_2, serial_ice, serial_ice_k,
          serial_ice_n, serial_ice_c, serial_ice_a, serial_ice_d, serial_ice_b
D:11:     david_lair_shrubbed, serial_shops, nicolae_shop_stone
D:12:     uniq_nergalle, uniq_maurice
D:13:     erik_vaults_2, minmay_misc_feat_nine_boxes
D:14:     serial_shops, shop, evilmike_ruin_ashenzari, minmay_sticks_and_stones
D:15:     gammafunk_enter_depths_forms
Temple:   eino_temple_water_12
Lair:1:   grunt_megastairs_5
Lair:2:   grunt_megastairs_2
Lair:3:   special_room, lemuel_fruit_fields, grunt_megastairs_3,
          lemuel_fruit_tree, uniq_gastronok, uniq_rupert, uniq_maud, uniq_fannar
Lair:4:   grunt_megastairs_4
Lair:5:   nicolae_spider_entry_non_spiders, infiniplex_staircase_pool
Lair:6:   minmay_swamp_entry_wisps, serial_bayou_shore_a, uniq_kirke
Lair:7:   nicolae_slime_entry_slimehenge
Lair:8:   hangedman_lair_in_review, lab_entry_generic,
          portal_ice_cave_entry_animals_and_master, lemuel_fruit_fields,
          serial_bayou_shore_b
Orc:1:    serial_shops, shop, trog_book
Orc:2:    serial_shops, nicolae_shop_overgrown_old_shop
Orc:3:    orc_temple, basic_altar, nicolae_orc_pool_cavern, trog_hazing_becter
Orc:4:    st_orc_elflike, basic_altar, guppyfry_orc_lava_fort
Depths:1: enter_ziggurat_f, hangedman_abyss_or_decor_stagger,
          pf_hell_entry_tar_river, minmay_misc_feat_iff, minivault_16,
          nemelex_altar_shiori, firewood_loft, uniq_aizul
Lab:      labyrinth_watery, lab_statue

Action                   |  1- 3 |  4- 6 |  7- 9 | 10-12 | 13-15 | 16-18 || total
-------------------------+-------+-------+-------+-------+-------+-------++-------
Melee: Long sword        |   146 |   295 |   558 |   571 |       |       ||  1570
       Falchion          |       |       |       |   472 |       |       ||   472
       Double sword      |       |       |       |   384 |  2388 |   605 ||  3377
       Unarmed           |       |       |       |    49 |       |       ||    49
       Short sword       |       |       |       |       |   136 |   103 ||   239
Invok: Heroism           |       |     1 |     6 |    26 |    17 |     8 ||    58
       Finesse           |       |       |       |       |     1 |       ||     1
Evoke: Wand              |       |       |       |     3 |    14 |     8 ||    25
  Use: Scroll            |       |     7 |     8 |    11 |    16 |     2 ||    44
       Potion            |       |     3 |     3 |     8 |     4 |     1 ||    19
 Stab: Invisible         |       |       |       |     4 |       |       ||     4
       Petrified         |       |       |       |     1 |       |       ||     1
       Distracted        |       |       |       |       |     1 |       ||     1
       Sleeping          |       |       |       |       |     1 |       ||     1
  Eat: Chunk             |     4 |     3 |     6 |    24 |    44 |     4 ||    85
       Bread ration      |       |     3 |       |     1 |       |       ||     4
       Fruit             |       |       |     1 |     4 |     7 |       ||    12
       Pizza             |       |       |       |     1 |     1 |     2 ||     4
       Meat ration       |       |       |       |       |     1 |       ||     1
       Beef jerky        |       |       |       |       |     2 |       ||     2
       Royal jelly       |       |       |       |       |       |     3 ||     3
